Map: Psionic Temple

Players

Tesla - Winner!

  • Race: Protoss Protoss

pray

  • Race: Terran Terran
  • League: Diamond

VOD

Have the link to the VOD?

Description

Time

  • Played on: Aug. 29, 2016, 2:12 p.m.
  • Length: 18:05
Show
View Real Time Build Order
Export as new Build Order

Tesla Protoss - Winner!

Build Orders:  

Get SALT Encoding   

  12  0:01  Probe (Chrono Boost)  
  13  0:12  Probe (Chrono Boost)  
  14  0:18  Pylon  
  14  0:22  Probe (Chrono Boost)  
  15  0:36  Probe (Chrono Boost)  
  15  0:37  Gateway  
  16  0:44  Assimilator  
  16  0:47  Probe (Chrono Boost)  
  17  0:58  Probe (Chrono Boost)  
  18  1:06  Pylon  
  18  1:08  Probe (Chrono Boost)  
  19  1:19  Probe (Chrono Boost)  
  20  1:26  Cybernetics Core  
  20  1:29  Probe (Chrono Boost)  
  21  1:40  Probe (Chrono Boost)  
  22  1:49  Nexus  
  22  1:52  Probe (Chrono Boost)  
  23  1:54  Warp Gate  
  23  2:04  Assimilator, Probe (Chrono Boost)  
  25  2:15  Mothership Core (Chrono Boost)  
  25  2:23  Adept  
  27  2:31  Pylon  
  27  2:34  Probe (Chrono Boost)  
  28  2:47  Probe (Chrono Boost)  
  28  2:50  Adept  
  31  2:57  Forge  
  31  2:59  Robotics Facility  
  31  3:00  Probe (Chrono Boost)  
  31  3:04  Probe (Chrono Boost)  
  33  3:12  Probe (Chrono Boost)  
  34  3:15  Assimilator  
  34  3:17  Probe (Chrono Boost)  
  34  3:18  Protoss Ground Weapons Level 1  
  35  3:20  Sentry  
  35  3:24  Assimilator  
  37  3:29  Gateway  
  37  3:37  Probe (Chrono Boost)  
  37  3:39  Probe (Chrono Boost)  
  40  3:49  Probe (Chrono Boost)  
  40  3:51  Probe (Chrono Boost)  
  40  3:54  Observer  
  41  4:01  Probe (Chrono Boost)  
  44  4:04  Probe (Chrono Boost)  
  44  4:05  Pylon, Gateway  
  44  4:09  Gateway  
  44  4:12  Observer  
  45  4:17  Gateway  
  45  4:22  Stalker  
  44  4:29  Probe (Chrono Boost)  
  44  4:30  Probe (Chrono Boost)  
  46  4:33  Stalker  
  48  4:39  Immortal  
  52  4:50  Pylon  
  52  4:55  Stalker  
  54  5:00  Stalker  
  54  5:06  Stalker  
  58  5:11  Stalker  
  60  5:21  Probe x2 (Chrono Boost)  
  62  5:23  Stalker  
  62  5:25  Adept  
  66  5:31  Stalker  
  62  5:47  Stalker x2  
  62  5:48  Stalker  
  62  5:56  Stalker  
  62  5:58  Mothership Core (Chrono Boost)  
  62  5:59  Warp Prism  
  64  6:12  Adept x2  
  64  6:17  Adept  
  68  6:33  Stalker  
  68  6:39  Pylon, Protoss Ground Armor Level 1  
  70  6:42  Pylon  
  70  6:49  Pylon  
  70  6:54  Observer  
  70  6:57  Twilight Council  
  70  6:58  Probe x2 (Chrono Boost)  
  73  7:08  Stalker  
  73  7:09  Stalker  
  73  7:10  Probe x2 (Chrono Boost)  
  79  7:15  Stalker  
  79  7:22  Stalker  
  85  7:23  Probe x2 (Chrono Boost)  
  85  7:35  Stalker  
  85  7:38  Stalker  
  85  7:41  Blink  
  85  7:43  Gateway  
  87  7:46  Pylon  
  87  7:49  Gateway  
  87  7:50  Pylon  
  87  7:54  Pylon  
  87  8:05  Probe x2 (Chrono Boost)  
  89  8:06  Adept  
  91  8:21  Stalker x3  
  99  8:28  Probe x2 (Chrono Boost)  
  99  8:33  Immortal  
  103  8:40  Pylon  
  101  8:58  Stalker x4  
  109  9:11  Protoss Ground Weapons Level 2  
  109  9:12  Nexus  
  107  9:23  Stalker x2  
  97  9:29  Resonating Glaives  
  93  9:34  Stalker  
  95  9:43  Stalker x2  
  99  9:49  Adept  
  102  9:53  Probe (Chrono Boost)  
  102  10:03  Adept x2  
  102  10:04  Adept  
  107  10:13  Assimilator  
  107  10:14  Stalker  
  107  10:15  Assimilator  
  109  10:23  Adept  
  109  10:24  Adept  
  113  10:34  Pylon  
  113  10:37  Probe (Chrono Boost)  
  113  10:38  Pylon  
  114  10:47  Probe (Chrono Boost)  
  114  10:49  Stalker x2  
  119  10:53  Adept  
  121  10:58  Probe (Chrono Boost), Stalker  
  121  10:59  Stalker  
  125  11:06  Dark Shrine  
  125  11:09  Pylon  
  125  11:15  Immortal  
  129  11:21  Stalker  
  129  11:23  Sentry  
  129  11:24  Sentry  
  110  11:33  Adept  
  110  11:34  Adept x2  
  86  11:51  Stalker  
  86  11:52  Stalker x2  
  92  11:59  Probe (Chrono Boost)  
  92  12:00  Probe (Chrono Boost)  
  92  12:01  Probe (Chrono Boost)  
  91  12:06  Adept  
  91  12:07  Adept  
  95  12:13  Probe (Chrono Boost)  
  95  12:27  Probe (Chrono Boost)  
  95  12:28  Probe x2 (Chrono Boost)  
  81  12:40  Probe (Chrono Boost)  
  80  12:44  Adept  
  80  12:50  Stalker  
  82  13:02  Probe (Chrono Boost)  
  82  13:03  Probe x2 (Chrono Boost)  
  85  13:12  Probe (Chrono Boost)  
  86  13:13  Adept  
  86  13:15  Probe x2 (Chrono Boost)  
  86  13:16  Adept  
  92  13:23  Mothership Core (Chrono Boost)  
  92  13:24  Dark Shrine  
  94  13:31  Stalker  
  70  13:53  Probe (Chrono Boost)  
  70  13:54  Probe (Chrono Boost)  
  70  14:05  Probe (Chrono Boost)  
  70  14:06  Probe (Chrono Boost)  
  75  14:17  Stalker  
  75  14:18  Probe (Chrono Boost)  
  75  14:19  Mothership Core (Chrono Boost)  
  77  14:30  Probe (Chrono Boost)  
  78  14:31  Stalker  
  78  14:33  Sentry  
  82  14:40  Adept  
  82  14:45  Probe (Chrono Boost)  
  79  15:05  Stalker  
  79  15:06  Stalker  
  75  15:25  Stalker x2  
  79  15:30  Stalker  
  75  15:38  Stalker  
  71  16:02  Dark Templar x2  
  75  16:04  Dark Templar  
  77  16:31  Dark Templar x2  
  81  16:55  Pylon  
  81  16:58  Pylon x2  
  81  17:07  Pylon  
  81  17:11  Pylon  
  53  17:32  Dark Templar x2  
Show
View Real Time Build Order
Export as new Build Order

pray Terran 

Build Orders: MMM Bio 

Get SALT Encoding   

  12  0:01  SCV  
  13  0:13  SCV  
  14  0:18  Supply Depot  
  14  0:25  SCV  
  15  0:33  Refinery  
  16  0:44  Barracks  
  16  0:46  SCV  
  16  0:59  Supply Depot  
  16  1:01  SCV  
  17  1:13  SCV  
  19  1:34  Orbital Command  
  19  1:35  Reaper  
  19  1:54  Factory  
  19  2:00  SCV  
  20  2:07  Marine  
  21  2:12  SCV  
  22  2:19  Command Center  
  22  2:25  Marine, SCV  
  24  2:37  SCV  
  27  2:46  Factory Tech Lab  
  27  2:50  Refinery  
  25  2:51  Supply Depot  
  25  2:53  SCV  
  25  2:54  Marine  
  27  3:05  Cyclone  
  31  3:13  SCV  
  31  3:16  Starport  
  32  3:20  Marine  
  33  3:38  Orbital Command  
  33  3:43  Marine  
  33  3:44  Siege Tank  
  37  3:51  Supply Depot, SCV  
  37  3:55  Viking  
  40  4:02  Orbital Command  
  40  4:03  SCV  
  41  4:12  Liberator  
  41  4:15  SCV  
  42  4:26  Bunker  
  42  4:31  SCV  
  46  4:34  SCV  
  47  4:40  Refinery  
  47  4:43  Supply Depot  
  47  4:44  Refinery  
  47  4:46  SCV  
  47  4:51  Barracks Tech Lab  
  51  5:07  Siege Tank  
  51  5:10  Liberator  
  51  5:25  Marine  
  55  5:31  Stimpack  
  55  5:32  SCV  
  55  5:34  Barracks  
  56  5:35  Barracks  
  48  5:43  Marine  
  48  5:44  SCV  
  48  5:52  SCV  
  48  5:53  Liberator  
  48  5:56  SCV  
  42  6:04  SCV  
  42  6:06  Marauder  
  42  6:09  SCV  
  48  6:16  SCV  
  49  6:21  SCV  
  49  6:24  Barracks Reactor x2  
  50  6:29  SCV  
  51  6:33  Siege Tank  
  54  6:41  SCV  
  54  6:42  SCV  
  56  6:48  Supply Depot x2  
  56  6:50  Engineering Bay x2  
  56  6:51  Supply Depot  
  56  6:53  Medivac, SCV  
  59  7:01  Marine x4  
  59  7:03  Marauder  
  65  7:09  Barracks x2  
  65  7:17  SCV  
  65  7:19  SCV  
  65  7:21  Marine x2  
  71  7:29  SCV  
  70  7:31  SCV  
  70  7:37  Liberator  
  68  7:39  Barracks Tech Lab  
  68  7:42  Marine  
  68  7:43  Marine, Combat Shields, Marauder  
  72  7:53  Medivac  
  72  7:55  Missile Turret  
  72  7:57  Barracks Reactor x2  
  77  8:05  Missile Turret x2  
  77  8:17  Missile Turret  
  77  8:21  Marine x2  
  77  8:22  Marauder x2  
  77  8:23  Medivac  
  85  8:31  Supply Depot  
  85  8:33  Terran Infantry Armor Level 1, Supply Depot, Terran Infantry Weapons Level 1  
  85  8:36  Medivac, Armory, Concussive Shells  
  87  9:14  Liberator x2  
  84  9:26  Marine x5  
  84  9:27  Marauder x2  
  81  9:32  Siege Tank  
  90  9:42  Marine  
  90  9:43  Marine x2  
  90  9:44  Marine x3  
  90  9:45  Command Center  
  96  9:48  Marine x2  
  98  9:57  Liberator x2  
  98  10:00  Marine  
  98  10:01  Marine x2  
  100  10:18  Marauder x2  
  110  10:31  Supply Depot  
  110  10:32  Supply Depot  
  110  10:33  Supply Depot x2  
  110  10:34  Marine x6  
  116  10:38  Marine  
  116  10:39  Marine  
  118  10:45  Liberator  
  118  10:46  Liberator  
  118  10:51  Marine x4  
  122  10:57  Marine  
  122  10:58  Marine x3  
  132  11:09  Marine x2  
  132  11:11  Marine x2  
  136  11:15  Marine  
  136  11:16  Marauder  
  99  11:46  Marine x4  
  99  11:47  Marine  
  86  11:48  Marauder x2  
  91  11:58  Marine  
  91  11:59  Siege Tank  
  85  12:04  Marine x4  
  89  12:09  Marauder x2  
  93  12:24  Terran Infantry Armor Level 2, Terran Infantry Weapons Level 2  
  93  12:25  Marine x6  
  98  12:30  Marine x2  
  89  12:42  Marine  
  89  12:43  Marine x5  
  90  12:48  Marauder x2  
  90  12:50  Medivac  
  96  12:54  Medivac  
  89  13:00  Marine x3  
  89  13:01  Marine x3  
  95  13:10  Supply Depot  
  95  13:20  Medivac  
  95  13:24  Medivac  
  79  13:50  Medivac  
  79  13:54  Medivac  
  80  14:06  Marauder x2, Marine x2  
  80  14:07  Marine x3  
  89  14:28  Marauder  
  91  14:32  Orbital Command  
  91  14:47  Marine x2  
  77  15:20  Marine x2  
  78  15:38  Marine x4  
  78  15:39  Marine x2  
  74  16:01  Orbital Command  
  74  16:07  Marine x2, Marauder  
  74  16:08  Marauder  
  63  16:29  Marauder x2  
  66  16:46  Liberator  
  57  16:49  Orbital Command  
  57  16:50  Marauder  
Tags
 
Add a new tag
Caveats
  • Supply blocks, unpowered buildings, or Contaminate may cause inaccurate times.
  • Supply counts are checked every 10 seconds.